 Dungeon Sprint DCSS version 0.30.1-11-g7821555f0a (webtiles) character file.

Game seed: 15642216444045373383

1159 Groucho the Thaumaturge (level 8, -1/40 HPs)
             Began as a Spriggan Earth Elementalist on Dec 8, 2023.
             Was a High Priest of Vehumet.
             Slain by a sixfirhy (10 damage)
             ... in the Dungeon (Sprint VII: "The Pits").
             The game lasted 00:09:09 (2814 turns).

Groucho the Thaumaturge (SpEE)                      Turns: 2814, Time: 00:09:09

Health: -1/40      AC:  2    Str:  4    XL:     8   Next: 16%
Magic:  17/22      EV: 17    Int: 19    God:    Vehumet [*****.]
Gold:   0          SH:  0    Dex: 15    Spells: 22/26 levels left

rFire   . . .        i - +2 quarterstaff
rCold   . . .        (shield currently unavailable)
rNeg    . . .        a - +0 robe
rPois   .            (helmet restricted)
rElec   .            (no cloak)
rCorr   .            (gloves unavailable)
SInv    +            (boots unavailable)
Will    +....        (no amulet)
Stlth   +++          (no ring)
HPRegen 0.26/turn    (no ring)
MPRegen 0.18/turn

%: no teleportation
@: very quick
A: very small, no large weapons, unfitting armour, see invisible, speed 3
a: Renounce Religion


You were in the Dungeon.
You worshipped Vehumet.
Vehumet was extremely pleased with you.
You visited 1 branch

Inventory:

Hand Weapons
 h - a +2 dagger
 i - a +2 quarterstaff (weapon)
 m - a +2 dagger of draining
Armour
 a - a +0 robe (worn)
Scrolls
 g - a scroll of blinking
 k - 5 scrolls of amnesia
 l - a scroll of butterflies
Potions
 b - 5 potions of magic
 c - 6 potions of curing
 d - 5 potions of heal wounds
 e - a potion of haste
 f - 3 potions of berserk rage
 j - 2 potions of invisibility


   Skills:
 - Level 3.0 Fighting
 - Level 5.0 Short Blades
 - Level 3.0 Dodging
 - Level 7.0 Stealth
 + Level 9.8 Spellcasting
 * Level 8.3 Conjurations
 + Level 7.8 Transmutations
 + Level 7.4 Earth Magic


You had 22 spell levels left.
You knew the following spells:

 Your Spells              Type           Power      Damage    Failure   Level
a - Sandblast             Erth           74%        2d16      1%          1
b - Stone Arrow           Conj/Erth      78%        3d11      1%          3

Your spell library contained the following spells:

 Spells                   Type           Power      Damage    Failure   Level
 Iron Shot                Conj/Erth      19%        9d4       12%         6
 Passwall                 Tmut/Erth      31%        N/A       1%          2
 Petrify                  Tmut/Erth      38%        N/A       3%          4


Dungeon Overview and Level Annotations

Branches:
Dungeon (1/1)

Altars:
Ashenzari
Cheibriados
Dithmenos
Elyvilon
Fedhas
Gozag
Hepliaklqana
Kikubaaqudgha
Makhleb
Nemelex Xobeh
Okawaru
Qazlal
Ru
Sif Muna
Trog
Uskayaw
Vehumet
Wu Jian
Xom
Yredelemnul
Zin
The Shining One
Jiyva
Lugonu


Innate Abilities, Weirdness & Mutations

You are very small and have problems with some larger weapons.
You are too small for most types of armour.
You have supernaturally acute eyesight. (SInv)
You cover ground extremely quickly. (Speed+++)


Message History

There is an open door, spattered with blood here.
The sixfirhy completely misses you. The sixfirhy misses you.
There is an open door, spattered with blood here.
Things that are here:
a +4 flail of holy wrath; a +0 chain mail The sixfirhy misses you.
The sixfirhy attacks as you move away! The sixfirhy barely misses you.
You see here a +0 giant club.
Casting: Stone Arrow (safe; 1% risk of failure)
Confirm with . or Enter, or press ? or * to list all spells.
Aiming: Stone Arrow (safe; 1% risk of failure)
Press: ? - help, Shift-Dir - straight line, f - sixfirhy
Aim: a sixfirhy (42% to hit)
The stone arrow hits the sixfirhy!
The sixfirhy is lightly wounded.
The sixfirhy barely misses you. The sixfirhy barely misses you.
The sixfirhy hits you! The sixfirhy shocks you!
The sixfirhy attacks as you move away! The sixfirhy completely misses you.
Casting: Stone Arrow (safe; 1% risk of failure)
Confirm with . or Enter, or press ? or * to list all spells.
Aiming: Stone Arrow (safe; 1% risk of failure)
Press: ? - help, Shift-Dir - straight line, f/p - sixfirhy
Aim: a sixfirhy (lightly wounded, 42% to hit)
The stone arrow misses the sixfirhy.
Unknown command.
Unknown command.
The sixfirhy hits you!
* * * LOW HITPOINT WARNING * * *
The sixfirhy shocks you!
* * * LOW HITPOINT WARNING * * *
There is an open door, spattered with blood here.
The sixfirhy attacks as you move away! The sixfirhy misses you. x2
The sixfirhy barely misses you.
You feel much better. The sixfirhy barely misses you.
The sixfirhy completely misses you. The sixfirhy completely misses you.
The sixfirhy hits you!
* * * LOW HITPOINT WARNING * * *
The sixfirhy shocks you!
You die...

############
#_________.#
#_________.#
#_______...###########++
##########'##...........
#.?(.')))'.##......#..#.
##########.##...........
#.....3@)...'...........
#'#####'#####......#..#.
#.#..#.)#..##...........
#.#..'..'.)#####'#####++
#.##'####'###.......#
#.#........##.......#
#.#........##.......#
#.#####'#####...<...#
#)#...)))[.##.......#


You could see a sixfirhy.

Vanquished Creatures
  A hydra (D)
  Edmund (D)
  A black bear (D)
  An ogre (D)
  A wolf (D)
  A bullfrog (D)
  A necrophage (D)
  A crimson imp (D)
  An adder zombie (D)
  An orc (D)
  A bat (D)
  A bat skeleton (D)
  An endoplasm (D)
  3 goblins (D)
  A quokka (D)
  A ball python (D)
  A frilled lizard (D)
  A giant cockroach zombie (D)
  2 rats (D)
22 creatures vanquished.

Notes
Turn   | Place    | Note
-------+----------+-------------------------------------------
     0 | D        | Groucho the Spriggan Earth Elementalist began the quest for
                  | the Orb.
     0 | D        | Reached XP level 1. HP: 9/9 MP: 5/5
    43 | D        | Found a bloodstained altar of Trog.
    43 | D        | Found a shimmering blue altar of Sif Muna.
    43 | D        | Found a viscous altar of Jiyva.
    43 | D        | Found a hazy altar of Hepliaklqana.
    43 | D        | Found an opulent altar of Gozag.
    46 | D        | Found a glowing golden altar of the Shining One.
    46 | D        | Found a glowing silver altar of Zin.
    46 | D        | Found a basalt altar of Yredelemnul.
    46 | D        | Found a shimmering altar of Xom.
    46 | D        | Found an ornate altar of the Wu Jian Council.
    46 | D        | Found a sacrificial altar of Ru.
    46 | D        | Found a stormy altar of Qazlal.
    46 | D        | Found an iron altar of Okawaru.
    46 | D        | Found a sparkling altar of Nemelex Xobeh.
    46 | D        | Found a burning altar of Makhleb.
    46 | D        | Found a blossoming altar of Fedhas.
    46 | D        | Found a white marble altar of Elyvilon.
    46 | D        | Found a shadowy altar of Dithmenos.
    46 | D        | Found a snail-covered altar of Cheibriados.
    49 | D        | Found a corrupted altar of Lugonu.
    49 | D        | Found a radiant altar of Vehumet.
    50 | D        | Found an ancient bone altar of Kikubaaqudgha.
    50 | D        | Found a hide-covered altar of Uskayaw.
    50 | D        | Found a broken altar of Ashenzari.
    58 | D        | Became a worshipper of Vehumet
    76 | D        | Reached skill level 3 in Spellcasting
   247 | D        | Reached * piety under Vehumet
   247 | D        | Offered knowledge of Foxfire by Vehumet.
   448 | D        | Reached skill level 1 in Fighting
   454 | D        | Reached ** piety under Vehumet
   454 | D        | Offered knowledge of Momentum Strike by Vehumet.
   455 | D        | Reached skill level 1 in Conjurations
   455 | D        | Reached XP level 2. HP: 14/14 MP: 1/7
  1279 | D        | Noticed a necrophage
  1280 | D        | Offered knowledge of Dazzling Flash by Vehumet.
  1315 | D        | Killed a necrophage
  1315 | D        | Reached *** piety under Vehumet
  1316 | D        | Reached skill level 4 in Spellcasting
  1316 | D        | Reached XP level 3. HP: 19/19 MP: 5/10
  1316 | D        | Reached XP level 4. HP: 23/23 MP: 5/11
  1839 | D        | Offered knowledge of Flame Wave by Vehumet.
  1840 | D        | Reached skill level 5 in Earth Magic
  1842 | D        | Noticed a black bear
  1883 | D        | Killed a black bear
  1883 | D        | Reached **** piety under Vehumet
  1884 | D        | Reached skill level 5 in Stealth
  1884 | D        | Reached skill level 5 in Spellcasting
  1884 | D        | Reached XP level 5. HP: 28/28 MP: 11/13
  1899 | D        | Learned a level 3 spell: Stone Arrow
  1921 | D        | Noticed an ogre
  1936 | D        | Killed an ogre
  1937 | D        | Reached skill level 5 in Transmutations
  2078 | D        | Noticed a seven-headed hydra
  2111 | D        | Killed a seven-headed hydra
  2111 | D        | Offered knowledge of Lee's Rapid Deconstruction by Vehumet.
  2112 | D        | Reached skill level 5 in Short Blades
  2112 | D        | Reached skill level 9 in Spellcasting
  2112 | D        | Reached XP level 6. HP: 32/32 MP: 7/19
  2112 | D        | Reached XP level 7. HP: 36/36 MP: 7/20
  2316 | D        | Noticed Edmund
  2328 | D        | Reached ***** piety under Vehumet
  2328 | D        | Offered knowledge of Iron Shot by Vehumet.
  2329 | D        | Reached XP level 8. HP: 25/40 MP: 16/22
  2337 | D        | Killed Edmund
  2788 | D        | Noticed a sixfirhy
  2807 | D        | HP: 1/40 [sixfirhy (10)]
  2814 | D        | Slain by a sixfirhy

Illustrated notes

Levels and vault maps discovered:
D:        pitsprint [storerooms_1, entrance_room_1, metal_vault_7, armoury_1,
          mini_pit_1, grid_room_1, main_hall_1, silver_pit, the_coven_1,
          the_vestibule_1, steel_vault_2, golden_pit, hallway_of_sentries,
          crystal_vault_2, iron_vault_1, final_vault]

Skill      XL: |  1  2  3  4  5  6  7 |
---------------+----------------------+-----
Earth Magic    | 3 4 5 7 |  7.4
Dodging        | 3 |  3.0
Spellcasting   | 3 4 5 9 |  9.8
Transmutations | 2 3 4 7 |  7.8
Fighting       | 1 2 3 |  3.0
Conjurations   | 1 3 4 7 8 |  8.3
Short Blades   | 2 5 |  5.0
Stealth        | 5 7 |  7.0

Action                     |  1- 3 |  4- 6 |  7- 9 || total
---------------------------+-------+-------+-------++-------
  Melee: Quarterstaff      |       |       |     1 ||     1
   Cast: Sandblast         |    22 |    13 |     1 ||    36
         Stone Arrow       |       |     3 |     8 ||    11
    Use: Potion            |       |       |     1 ||     1
   Stab: Sleeping          |       |       |     1 ||     1
 Armour: Robe              |     3 |       |       ||     3
  Dodge: Dodged            |     6 |       |    14 ||    20
